Map: Ley Lines

Players

SKillous - Winner!

  • Race: Protoss Protoss
  • League: Master
  • Spawn Location: 7:00

ArT

  • Race: Protoss Protoss
  • Spawn Location: 1:00

Event: FEL Cracov 2025

VOD

Have the link to the VOD?

Description

Time

  • Played on: July 27, 2025, 4:36 a.m.
  • Length: 7:08

All games in this series

Show
View Real Time Build Order
Export as new Build Order

SKillous Protoss - Winner!

Build Orders: Mass Adepts 

Get SALT Encoding   

  12  0:00  Probe  
  13  0:12  Probe  
  14  0:17  Pylon  
  14  0:24  Probe  
  15  0:32  Probe  
  15  0:37  Gateway  
  15  0:40  Probe  
  16  0:45  Assimilator  
  17  0:50  Probe  
  17  0:54  Assimilator  
  18  0:59  Probe  
  19  1:06  Gateway  
  19  1:07  Probe  
  20  1:17  Probe  
  20  1:24  Cybernetics Core  
  21  1:29  Probe  
  22  1:32  Pylon  
  22  1:41  Probe  
  23  1:53  Probe  
  24  1:57  Stalker  
  24  2:00  Sentry, Warp Gate  
  28  2:02  Pylon  
  28  2:05  Probe  
  29  2:17  Probe  
  29  2:20  Stalker  
  34  2:44  Nexus  
  32  2:45  Probe  
  32  2:50  Sentry  
  35  3:00  Probe, Twilight Council  
  36  3:08  Pylon  
  36  3:11  Sentry  
  36  3:12  Probe  
  39  3:25  Resonating Glaives  
  39  3:26  Probe, Gateway  
  40  3:32  Gateway  
  40  3:38  Probe  
  41  3:52  Adept x2  
  41  3:55  Probe  
  46  3:58  Probe  
  47  4:03  Pylon  
  47  4:07  Probe  
  48  4:13  Probe  
  48  4:15  Adept  
  48  4:16  Adept  
  53  4:19  Probe  
  54  4:25  Gateway  
  55  4:33  Probe  
  55  4:37  Adept, Shield Battery  
  57  4:39  Adept  
  59  4:50  Adept x2  
  63  4:55  Gateway  
  63  4:59  Adept x2  
  65  5:06  Pylon  
  66  5:13  Adept x2  
  67  5:32  Adept x4  
  67  5:33  Adept  
  75  5:49  Probe  
  72  5:50  Robotics Facility  
  72  5:53  Assimilator  
  72  5:57  Assimilator, Probe  
  71  6:01  Probe  
  71  6:03  Forge  
  70  6:04  Robotics Facility  
  70  6:06  Pylon  
  70  6:09  Probe  
  66  6:13  Pylon, Probe  
  65  6:21  Probe  
  66  6:25  Probe  
  63  6:33  Probe, Pylon  
  63  6:38  Probe  
  63  6:39  Observer  
  64  6:45  Probe  
  63  6:47  Pylon  
  63  6:50  Probe  
Show
View Real Time Build Order
Export as new Build Order

ArT Protoss 

Build Orders: Phoenix Opening 

Get SALT Encoding   

  12  0:00  Probe  
  13  0:12  Probe  
  14  0:17  Pylon  
  14  0:24  Probe  
  15  0:32  Probe  
  15  0:36  Gateway  
  15  0:42  Probe  
  16  0:43  Assimilator  
  17  0:52  Probe  
  17  0:55  Assimilator  
  18  1:00  Probe  
  18  1:07  Gateway  
  18  1:08  Probe  
  20  1:19  Probe  
  20  1:25  Cybernetics Core  
  21  1:31  Probe  
  22  1:36  Pylon  
  22  1:43  Probe  
  23  1:55  Probe  
  23  2:00  Phoenix  
  23  2:01  Sentry, Warp Gate  
  26  2:05  Robotics Facility  
  28  2:10  Stalker  
  28  2:17  Pylon  
  28  2:21  Shield Battery  
  28  2:31  Sentry  
  28  2:35  Probe  
  33  2:51  Probe  
  32  2:52  Nexus, Phoenix  
  32  3:03  Probe  
  33  3:09  Immortal  
  37  3:15  Probe  
  38  3:23  Twilight Council  
  38  3:27  Pylon  
  38  3:31  Probe  
  39  3:42  Probe  
  39  3:46  Pylon  
  40  3:53  Adept x2, Probe  
  45  4:05  Probe x2  
  47  4:12  Dark Shrine  
  48  4:17  Probe x2  
  48  4:22  Observer  
  50  4:29  Probe x2  
  52  4:37  Pylon  
  50  4:41  Probe  
  47  4:46  Stalker x2  
  47  4:48  Probe  
  47  4:49  Phoenix  
  51  4:53  Probe  
  52  5:00  Shield Battery, Probe  
  52  5:05  Probe  
  54  5:09  Immortal  
  54  5:12  Probe  
  54  5:14  Assimilator  
  59  5:17  Probe  
  60  5:23  Shield Battery  
  60  5:24  Probe  
  59  5:29  Probe  
  59  5:31  Dark Templar  
  59  5:32  Dark Templar  
  52  5:36  Probe  
  34  5:48  Gateway  
  34  5:49  Gateway  
  32  5:58  Observer  
  32  6:04  Dark Templar  
  28  6:10  Probe  
  10  6:20  Dark Templar  
Tags
 
Composition
Mass Adepts
League
Master
Matchup
PvP
Spawn Locations
Cross Positions
Add a new tag
Caveats
  • Supply blocks, unpowered buildings, or Contaminate may cause inaccurate times.
  • Supply counts are checked every 10 seconds.